 Dungeon Crawl Stone Soup version 0.28.0-53-g5a82cb258f (webtiles) character file.

Game seed: 12442419349938005239

34575 Renzlar the Spear-Bearer (level 14, -15/108 HPs)
             Began as a Formicid Fighter on July 28, 2022.
             Was the Champion of Okawaru.
             Demolished by a catoblepas (17 damage)
             ... on level 6 of the Lair of Beasts on July 29, 2022.
             The game lasted 01:05:39 (18157 turns).

Renzlar the Spear-Bearer (Formicid Fighter)        Turns: 18157, Time: 01:05:39

Health: -15/108    AC: 13    Str: 31    XL:     14   Next: 14%
Magic:  0/14       EV: 12    Int: 13    God:    Okawaru [******]
Gold:   842        SH:  9    Dex: 16    Spells: 13/13 levels left

rFire   . . .      SeeInvis +   e - +1 halberd (flame)
rCold   . . .      Faith    .   G - +3 buckler "Bitwouky" {Int+2}
rNeg    . . .      Spirit   +   b - +0 scale mail
rPois   +          Reflect  .   (helmet unavailable)
rElec   +          Harm     .   y - +2 cloak
rCorr   +          Rampage  .   (no gloves)
Will    +....                   p - +0 pair of boots
Stlth   ++........              t - amulet "Lozeolaa" {Spirit *Slow rPois Str+4}
HPRegen 0.28/turn               v - ring of Nopoy {rElec Str+4 Dex+6 Stlth+}
MPRegen 0.14/turn               r - ring of resist corrosion

@: no status effects
A: permanent stasis, dig shafts and tunnels, antennae 3, four strong arms
a: Dig, Shaft Self, Renounce Religion, Heroism, Finesse, Duel


You were on level 6 of the Lair of Beasts.
You worshipped Okawaru.
Okawaru was exalted by your worship.
You visited 3 branches of the dungeon, and saw 16 of its levels.
You also visited: Ossuary.

You collected 842 gold pieces.

Inventory:

Hand Weapons
 a - a +3 vorpal broad axe
 e - a +1 halberd of flaming (weapon)
 f - a +2 spear of freezing
 k - a +2 dagger of draining
Missiles
 c - 28 sling bullets
 g - 178 bolts
 i - 22 poisoned darts
 j - 472 stones (quivered)
 w - a throwing net
Armour
 b - a +0 scale mail (worn)
 p - a +0 pair of boots (worn)
 y - a +2 cloak (worn)
 G - the +3 buckler "Bitwouky" (worn) {Int+2}
   (Okawaru gifted it to you on level 2 of the Lair of Beasts)

   Int:       It affects your intelligence (+2).
Jewellery
 h - an amulet of reflection
 r - a ring of resist corrosion (right hand)
 t - the amulet "Lozeolaa" (around neck) {Spirit *Slow rPois Str+4}
   (You acquired it on level 4 of the Dungeon)

   [amulet of guardian spirit]

   It causes incoming damage to be divided between your reserves of health and
   magic.
   Str:       It affects your strength (+4).
   rPois:     It protects you from poison.
   *Slow:     It may slow you when you take damage.
 v - the ring of Nopoy (left hand) {rElec Str+4 Dex+6 Stlth+}
   (You acquired it on level 5 of the Dungeon)

   [ring of dexterity]

   Str:       It affects your strength (+4).
   Dex:       It affects your dexterity (+6).
   rElec:     It insulates you from electricity.
   Stlth:     It makes you more stealthy.
 I - a ring of fire
Wands
 u - a wand of iceblast (7)
 B - a wand of acid (1)
 E - a wand of polymorph (12)
 J - a wand of mindburst (5)
Scrolls
 d - 5 scrolls of magic mapping
 l - 3 scrolls of amnesia
 n - 7 scrolls of identify
 o - 4 scrolls of fear
 x - a scroll of fog
 z - 2 scrolls of silence
 C - a scroll of enchant armour
 H - a scroll of brand weapon {unknown}
Potions
 m - 4 potions of curing
 q - 3 potions of mutation
 s - 4 potions of flight
 A - 2 potions of resistance
 D - a potion of cancellation
 F - a potion of ambrosia


   Skills:
 + Level 9.5 Fighting
 + Level 11.4(14.4) Axes
 * Level 14.4(15.9) Polearms
 + Level 3.3 Throwing
 + Level 9.4 Armour
 + Level 4.5 Dodging
 + Level 4.5 Stealth
 + Level 7.7 Shields
 + Level 0.1 Invocations
 * Level 1.9 Evocations


You had 13 spell levels left.
You didn't know any spells.
Your spell library contained the following spells:

 Spells                   Type           Power      Damage    Failure   Level
 Magic Dart               Conj           0%         1d3       54%         1
 Corpse Rot               Necr/Air       0%         N/A       69%         2
 Ensorcelled Hibernation  Hex/Ice        0%         N/A       69%         2
 Passwall                 Tmut/Erth      0%         N/A       69%         2
 Searing Ray              Conj           0%         2d4       69%         2
 Lesser Beckoning         Tloc           0%         N/A       89%         3
 Portal Projectile        Hex/Tloc       0%         N/A       89%         3
 Dispel Undead            Necr           0%         3d6       100%        4
 Fulminant Prism          Conj/Hex       0%         3d6       100%        4
 Leda's Liquefaction      Hex/Erth       0%         N/A       100%        4
 Manifold Assault         Tloc           0%         N/A       100%        5
 Summon Small Mammal      Summ           Unusable   N/A       N/A         1
 Blink                    Tloc           Unusable   N/A       N/A         2
 Call Canine Familiar     Summ           Unusable   N/A       N/A         3
 Summon Guardian Golem    Hex/Summ       Unusable   N/A       N/A         3
 Swiftness                Air            Unusable   N/A       N/A         3
 Death Channel            Necr           Unusable   N/A       N/A         6

Dungeon Overview and Level Annotations

Branches:
Dungeon (9/15)             Temple (1/1) D:7            Lair (5/6) D:9
 Shoals (0/4) Lair:4        Snake (0/4) Lair:2          Orc (0/2) D:9
Ossuary (visited)
  Slime: Lair:5-6

Altars:
Ashenzari
Cheibriados
Dithmenos
Elyvilon
Fedhas
Gozag
Hepliaklqana
Kikubaaqudgha
Makhleb
Nemelex Xobeh
Okawaru
Qazlal
Ru
Sif Muna
Trog
Vehumet
Xom
Yredelemnul
Zin
The Shining One
Lugonu

Shops:
D:4 :


Innate Abilities, Weirdness & Mutations

You cannot be hasted, slowed, berserked, paralysed or teleported.
You can dig through walls and to a lower floor.
You have a pair of large antennae on your head. (SInv)
Your four strong arms can wield two-handed weapons with a shield.


Message History

The blink frog blinks! x2
You miss the blink frog.
The blink frog blinks! x2
You slash the blink frog! You burn the blink frog.
The blink frog is heavily wounded.
The torpor snail is no longer covered in acid.
The blink frog closely misses you.
You slice the blink frog!! You burn the blink frog!
You kill the blink frog!
Okawaru accepts your kill.
You miss the blink frog. You slash the blink frog! You burn the blink frog.
The blink frog is almost dead.
The blink frog blinks! x2; The blink frog barely misses you.
You closely miss the blink frog.
The blink frog is almost dead.
The blink frog blinks!
You are too injured to fight recklessly!
You are too injured to fight recklessly!
You feel like a meek peon again.
The blink frog blinks! x2; The blink frog hits you!
* * * LOW HITPOINT WARNING * * *
Unknown command.
You closely miss the blink frog.
The blink frog is moderately wounded.
The blink frog blinks!
You puncture the catoblepas! You burn the catoblepas.
The catoblepas is moderately wounded.
You hit the catoblepas but do no damage.
The catoblepas is moderately wounded.
The blink frog blinks!
You hit the catoblepas. You burn the catoblepas.
The catoblepas is moderately wounded.
The catoblepas gores you!
* * * LOW HITPOINT WARNING * * *
The blink frog blinks!
Unknown command.
You hit the catoblepas. You burn the catoblepas.
The catoblepas is moderately wounded.
The catoblepas gores you!
You die...

* *********
********......P*
*,,,,,,......PP#
,,,,,,..≈......#
,,,,,.≈≈......P##
*,,,.P≈≈≈≈......*
,,,.Y≈≈≈≈≈.P...#*
,,..≈≈≈≈≈≈≈P.FF###
,...≈≈≈≈≈§≈≈≈.wY@#
,...P≈≈≈≈≈≈≈≈FF###
,.....P≈≈≈≈≈≈..{#
,...PF....≈≈...##
*....(.......F..#
,*..P...........#
,,,.##....P..#..#
,,,,*##..####...#
,****#...# *..##


You could see a catoblepas, a torpor snail and 4 blink frogs.

Vanquished Creatures
  4 hydras
  A catoblepas (Lair:5)
  3 two-headed ogres
  2 death yaks
  The ghost of issech the Cleaver, a novice MiMo of Hepliaklqana (D:7)
  A manticore (D:9)
  A cyclops (D:9)
  10 elephants
  6 black mambas
  2 torpor snails
  Maggie (D:7)
  3 komodo dragons
  11 cane toads
  3 rime drakes
  2 trolls (D:9)
  A hornet (D:8)
  A polar bear (Lair:4)
  9 blink frogs
  3 dream sheep (Lair:3)
  3 wyverns
  26 yaks
  2 basilisks
  Menkaure (D:7)
  A warg (Lair:1)
  2 hell hounds (Lair:1)
  22 water moccasins
  An acid dragon (D:8)
  2 necrophages
  4 orc warriors
  A sky beast (D:7)
  A hornet zombie (D:9)
  2 ice beasts
  3 black bears
  3 ogres
  11 wolves
  3 centaurs
  A phantom (D:5)
  3 kobold brigands
  10 bullfrogs
  15 scorpions
  A killer bee (D:7)
  A wight (D:9)
  A howler monkey (D:8)
  3 centaur zombies
  A human zombie (Ossuary)
  3 jellies
  2 orc priests (D:6)
  Crazy Yiuf (D:7)
  4 gnoll shamans
  5 hounds
  2 centaur skeletons (D:7)
  4 iguanas
  6 scorpion zombies (Ossuary)
  12 orc wizards
  4 hell rats (Lair:5)
  A killer bee zombie (D:8)
  2 centaur simulacra (D:9)
  A spectral howler monkey (D:7)
  3 mummies (Ossuary)
  A howler monkey zombie (D:9)
  A howler monkey skeleton (D:7)
  17 gnolls
  8 adders
  A shadow imp (D:6)
  A white imp (D:7)
  An ufetubus (D:6)
  9 dart slugs
  25 orcs
  4 ball pythons
  7 endoplasms
  4 giant cockroaches
  2 gnoll zombies (Ossuary)
  10 goblins
  10 hobgoblins
  6 jackals
  14 kobolds
  3 quokkas
  6 bats
  3 frilled lizards
  A goblin zombie (Ossuary)
  5 hobgoblin zombies (Ossuary)
  4 kobold zombies (Ossuary)
  2 orc zombies (Ossuary)
  2 rats
386 creatures vanquished.

Vanquished Creatures (others)
  A gnoll (D:4)
  A hobgoblin (D:4)
  2 demonic plants (Temple)
  51 fungi
  68 plants
123 creatures vanquished.

Grand Total: 509 creatures vanquished

Notes
Turn   | Place    | Note
-------+----------+-------------------------------------------
     0 | D:1      | Renzlar the Formicid Fighter began the quest for the Orb.
     0 | D:1      | Reached XP level 1. HP: 18/18 MP: 1/1
   214 | D:1      | Reached XP level 2. HP: 24/24 MP: 2/2
   424 | D:1      | Reached XP level 3. HP: 18/29 MP: 3/3
  1739 | D:2      | Reached XP level 4. HP: 37/37 MP: 4/4
  2067 | D:3      | Found a white marble altar of Elyvilon.
  2544 | D:3      | Found a faded altar of an unknown god.
  2637 | D:3      | Found a burning altar of Makhleb.
  2637 | D:3      | Noticed an Executioner
  2702 | D:3      | Reached XP level 5. HP: 38/42 MP: 5/5
  2986 | D:3      | Found an opulent altar of Gozag.
  3276 | D:4      | Found an ancient bone altar of Kikubaaqudgha.
  3537 | D:3      | Reached XP level 6. HP: 47/48 MP: 6/6
  3717 | D:4      | Noticed an ogre
  3721 | D:4      | Found Weips's Book Shoppe.
  3738 | D:4      | Found a basalt altar of Yredelemnul.
  3740 | D:4      | Found a shadowy altar of Dithmenos.
  3740 | D:4      | Found a blossoming altar of Fedhas.
  3741 | D:4      | Found a radiant altar of Vehumet.
  3755 | D:4      | Killed an ogre
  3756 | D:4      | Reached skill level 5 in Axes
  3976 | D:4      | Reached skill level 1 in Throwing
  3976 | D:4      | Reached XP level 7. HP: 54/55 MP: 7/7
  4750 | D:4      | Identified a scroll of acquirement
  4750 | D:4      | Acquired the amulet "Lozeolaa" {Spirit *Slow rPois Str+4}
  4802 | D:5      | Entered Level 5 of the Dungeon
  4900 | D:5      | Reached XP level 8. HP: 55/61 MP: 6/8
  4969 | D:5      | Reached skill level 1 in Dodging
  5348 | D:5      | Acquired the ring of Nopoy {rElec Str+4 Dex+6 Stlth+}
  5460 | D:6      | Noticed a yak
  5460 | D:6      | Noticed a yak
  5461 | D:6      | Noticed a yak
  5467 | D:6      | Killed a yak
  5468 | D:6      | Reached skill level 5 in Fighting
  5471 | D:6      | Killed a yak
  5472 | D:6      | Reached skill level 1 in Stealth
  5474 | D:6      | Killed a yak
  5476 | D:6      | Reached XP level 9. HP: 37/68 MP: 5/9
  5768 | D:6      | Found a sand-covered staircase.
  5777 | Ossuary  | Entered an ossuary
  5854 | Ossuary  | Reached skill level 5 in Armour
  6323 | Ossuary  | Reached skill level 10 in Axes
  7110 | D:6      | Reached XP level 10. HP: 62/76 MP: 8/10
  7455 | D:7      | Found a sparkling altar of Nemelex Xobeh.
  7661 | D:7      | Found a runed translucent gate.
  7661 | D:7      | Found a runed translucent gate.
  7661 | D:7      | Found a runed translucent gate.
  7662 | D:7      | Noticed issech's ghost (novice MiMo)
  7714 | D:7      | Reached skill level 1 in Polearms
  7994 | D:7      | Found a shimmering blue altar of Sif Muna.
  8016 | D:7      | Reached skill level 2 in Polearms
  8046 | D:7      | Reached skill level 5 in Shields
  8124 | D:7      | Found a hazy altar of Hepliaklqana.
  8124 | D:7      | Noticed Menkaure
  8130 | D:7      | Killed Menkaure
  8131 | D:7      | Reached skill level 3 in Polearms
  8148 | D:7      | Noticed Maggie
  8150 | D:7      | Found a staircase to the Ecumenical Temple.
  8158 | D:7      | Killed Maggie
  8159 | D:7      | Reached skill level 4 in Polearms
  8180 | Temple   | Entered the Ecumenical Temple
  8241 | Temple   | Became a worshipper of Warmaster Okawaru
  8372 | D:7      | Found a runed translucent door.
  8373 | D:7      | Noticed Crazy Yiuf
  8383 | D:7      | Killed Crazy Yiuf
  8594 | D:7      | Found a glowing silver altar of Zin.
  8758 | D:7      | Killed issech's ghost
  8758 | D:7      | Reached * piety under Okawaru
  8759 | D:7      | Reached skill level 5 in Polearms
  9041 | D:8      | Found a broken altar of Ashenzari.
  9173 | D:7      | Reached skill level 6 in Polearms
  9627 | D:8      | Noticed a two-headed ogre
  9637 | D:8      | Killed a two-headed ogre
  9637 | D:8      | Reached ** piety under Okawaru
  9638 | D:8      | Reached skill level 7 in Polearms
  9638 | D:8      | Reached XP level 11. HP: 83/83 MP: 11/11
  9765 | D:8      | Found a stormy altar of Qazlal.
 10282 | D:9      | Noticed a manticore
 10309 | D:9      | Killed a manticore
 10309 | D:9      | Reached *** piety under Okawaru
 10310 | D:9      | Reached skill level 8 in Polearms
 10486 | D:9      | Found a basalt altar of Yredelemnul.
 10495 | D:9      | Noticed a six-headed hydra
 10503 | D:9      | Noticed a two-headed ogre
 10506 | D:9      | Killed a one-headed hydra
 10506 | D:9      | Received a gift from Okawaru
 10786 | D:8      | Killed a two-headed ogre
 10899 | D:9      | Reached **** piety under Okawaru
 11013 | D:9      | Noticed a cyclops
 11027 | D:9      | Killed a cyclops
 11028 | D:9      | Reached skill level 9 in Polearms
 11461 | D:9      | Noticed a two-headed ogre
 11467 | D:9      | Killed a two-headed ogre
 11467 | D:9      | Received a gift from Okawaru
 11597 | D:9      | Found a staircase to the Lair.
 11603 | D:9      | Found a staircase to the Orcish Mines.
 11637 | Lair:1   | Entered Level 1 of the Lair of Beasts
 11845 | Lair:1   | Reached XP level 12. HP: 91/91 MP: 12/12
 11884 | Lair:1   | Reached ***** piety under Okawaru
 11975 | Lair:1   | Reached skill level 10 in Polearms
 13017 | Lair:2   | Reached skill level 11 in Polearms
 13441 | Lair:2   | Received a gift from Okawaru
 13609 | Lair:2   | Found a staircase to the Snake Pit.
 13765 | Lair:2   | Reached skill level 12 in Polearms
 13803 | Lair:2   | Reached XP level 13. HP: 76/99 MP: 13/13
 14143 | Lair:2   | Identified the +3 buckler "Bitwouky" {Int+2} (Okawaru
                  | gifted it to you on level 2 of the Lair of Beasts)
 14143 | Lair:2   | Received a gift from Okawaru
 14446 | Lair:2   | Reached skill level 13 in Polearms
 15333 | Lair:2   | Reached ****** piety under Okawaru
 17192 | Lair:4   | Found a staircase to the Shoals.
 17196 | Lair:4   | Noticed a six-headed hydra
 17216 | Lair:4   | Killed a two-headed hydra
 17217 | Lair:4   | Reached skill level 14 in Polearms
 17545 | Lair:5   | Noticed a catoblepas
 17587 | Lair:5   | Killed a catoblepas
 17750 | Lair:5   | Identified the +0 pair of boots "Kuecsuch" {+Blink rC-
                  | Str+6}
 17777 | Lair:5   | Reached XP level 14. HP: 108/108 MP: 14/14
 18104 | Lair:5   | You fall into a shaft and drop 1 floor!
 18104 | Lair:6   | Entered Level 6 of the Lair of Beasts
 18121 | Lair:6   | Reached skill level 1 in Evocations
 18156 | Lair:6   | HP: 2/108 [catoblepas (10)]
 18157 | Lair:6   | Demolished by a catoblepas

Illustrated notes

Levels and vault maps discovered:
D:1:      kennysheep_arrival_seaside, layout_basic, serial_co_window_serial,
          co_window_cross_1, co_window_corner_a, co_window_of_opportunity_a,
          co_window_paths_a, co_window_corner_a, co_window_paths_a,
          co_window_of_opportunity_a, co_window_corner_b,
          co_window_unsneaky_path_d, co_window_2corner, co_window_broadway_a,
          co_window_broadway_b, co_window_paths_e, glass_columns_a,
          glass_columns_a, glass_columns_b, glass_columns_a, glass_columns_a
D:2:      layout_rooms, serial_bayou_ford_a, kennysheep_generic_room_15
D:3:      layout_basic, nicolae_gozag_cash_rules_everything_around_me,
          elyvilon_altar_1, makhleb_altar_promises_db,
          shapermc_ecumenical_altar_acropolis, st_stairs_12,
          nicolae_concentric_dashed_squares_wild, minmay_close_crescents
D:4:      minmay_chambers_of_twos, layout_loops_ring,
          chequers_temple_overflow_statue_of_worship,
          nicolae_kikubaaqudgha_miasma_corner, serial_shops,
          nicolae_take_the_stairs
D:5:      layout_basic, nrook_mini_backslash
D:6:      layout_loops_corners, nicolae_ossuary_entry_monument
D:7:      layout_loops_ring, mainiacjoe_overflow_alcove_1, old_standard_altar,
          general_overflow_altar, old_standard_altar,
          minmay_temple_entry_antechambers, gammafunk_ghost_necromancy,
          serial_bayou_pond_e, uniq_crazy_yiuf_cottage, uniq_menkaure,
          uniq_maggie
D:8:      layout_cave_pods, nicolae_qazlal_style_of_elements,
          nicolae_ashenzari_skybound
D:9:      hangedman_cross_cluster, layout_cave_pools, orc_0_dummy,
          minmay_misc_feat_pillars, st_stairs_13
Temple:   corrupted_temple
Lair:1:   beast_lair_carwin_large_2, layout_regular_city, enter_volcano_3,
          grunt_megastairs_5
Lair:2:   layout_roguey, minmay_snake_entry_six_corridors, grunt_megastairs_2,
          infiniplex_staircase_pool_2
Lair:3:   layout_small_grid, ldierk_geyser, grunt_megastairs_4,
          lemuel_fruit_tree, serial_bayou_shore_b
Lair:4:   layout_regular_city, elwin_shoals_entry_rocks
Lair:5:   layout_long_grid, minmay_slime_entry_pillars, minmay_holes
Lair:6:   cheibrodos_lair_end_hotspot, layout_loops_ring, fungi_pond_lemuel,
          serial_bayou_lagoon_a, uniq_nessos

Skill      XL: |  1  2  3  4  5  6  7  8  9 10 11 12 13 14 |
---------------+-------------------------------------------+-----
Axes           | 3 4 5 7 8 10 11 | 11.4
Fighting       | 4 5 6 7 8 9 |  9.5
Shields        | 4 5 6 7 |  7.7
Throwing       | 1 2 3 |  3.3
Armour         | 4 5 6 7 8 9 |  9.4
Dodging        | 1 2 3 4 |  4.5
Stealth        | 1 2 3 4 |  4.5
Polearms       | 7 9 12 14 | 14.4
Evocations     | 1 |  1.9
Invocations    | |  0.1

Action                   |  1- 3 |  4- 6 |  7- 9 | 10-12 | 13-15 || total
-------------------------+-------+-------+-------+-------+-------++-------
Melee: War axe           |    88 |   118 |   303 |    32 |       ||   541
       Halberd           |       |       |       |   519 |   321 ||   840
       Battleaxe         |       |       |       |    11 |       ||    11
       Spear             |       |       |       |    15 |       ||    15
       Broad axe         |       |       |       |     2 |    29 ||    31
Throw: Stone             |    28 |    13 |    13 |    60 |     4 ||   118
       Dart              |       |     9 |       |    10 |       ||    19
Invok: Heroism           |       |       |       |     2 |     4 ||     6
 Abil: Dig               |     3 |       |       |       |       ||     3
Evoke: Wand              |       |       |       |       |     2 ||     2
  Use: Scroll            |       |    10 |    10 |     5 |     1 ||    26
       Potion            |       |       |     1 |     3 |     3 ||     7
 Stab: Sleeping          |       |       |     4 |     5 |     2 ||    11
       Distracted        |       |       |       |     2 |       ||     2
Armor: Scale mail        |    32 |    32 |    83 |   180 |    81 ||   408
Dodge: Dodged            |    38 |    69 |   147 |   274 |   111 ||   639
Block: Buckler           |    11 |    17 |    57 |   128 |    95 ||   308
